Map: Odyssey LE

Players

OmniSter - Winner!

  • Race: Terran Terran
  • League: Diamond
  • Spawn Location: 5:00

Juxtapose

  • Race: Protoss Protoss
  • League: Platinum
  • Spawn Location: 11:00

VOD

https://youtu.be/IU-4XY6ETyM

Description

Considering my opponent had made Diamond League, a full League above me, I'm pleased with how I did in this match and, relatively speaking, don't feel that I was too crazily outplayed.

Time

  • Played on: Jan. 14, 2018, 3:21 p.m.
  • Length: 11:02
Show
View Real Time Build Order
Export as new Build Order

OmniSter Terran - Winner!

Build Orders: MMM Bio 

Get SALT Encoding   

  12  0:01  SCV  
  13  0:13  SCV  
  14  0:18  Supply Depot  
  14  0:25  SCV  
  15  0:30  Refinery  
  15  0:40  SCV  
  16  0:51  Barracks  
  16  0:52  SCV  
  18  1:04  SCV  
  18  1:20  SCV  
  19  1:27  Supply Depot  
  20  1:32  SCV  
  20  1:35  Refinery  
  20  1:43  Marine  
  21  1:49  Orbital Command  
  21  2:06  Barracks  
  21  2:08  Barracks Tech Lab  
  21  2:14  Barracks  
  21  2:17  SCV  
  22  2:23  Supply Depot  
  22  2:28  Marauder  
  22  2:29  Concussive Shells  
  24  2:33  SCV  
  25  2:45  SCV  
  25  2:51  Marauder  
  28  2:54  Barracks Tech Lab  
  28  2:59  SCV  
  28  3:01  Supply Depot  
  28  3:02  Barracks Reactor  
  29  3:08  Factory  
  29  3:11  SCV  
  30  3:13  Marauder  
  30  3:19  Marauder  
  34  3:25  Combat Shields  
  34  3:27  SCV  
  35  3:36  Marauder  
  35  3:39  SCV  
  38  3:42  Marine  
  38  3:43  Marine  
  38  3:48  Marine  
  41  3:52  Factory Tech Lab  
  41  3:54  SCV  
  42  4:00  Supply Depot  
  42  4:02  Marine  
  42  4:06  Marine  
  44  4:11  Marauder  
  48  4:17  Marauder  
  48  4:27  Marine x2  
  50  4:31  Siege Tank  
  53  4:50  Marine x2, Marauder x2  
  51  5:08  Marine  
  39  5:56  Engineering Bay  
  39  5:57  SCV  
  36  5:58  Widow Mine  
  36  6:01  Marine x2  
  36  6:02  Marine x2  
  37  6:19  Widow Mine, Marine x4  
  43  6:37  Marine x4  
  47  6:49  Missile Turret  
  47  6:52  Missile Turret  
  47  6:57  Stimpack  
  47  7:07  Starport  
  47  7:20  SCV  
  48  7:30  Marine x4  
  48  7:32  SCV  
  48  7:33  Terran Infantry Weapons Level 1  
  51  7:45  SCV  
  51  7:47  Marine  
  51  7:51  Starport Reactor  
  51  8:03  Marine x3  
  54  8:05  Marine  
  55  8:21  Marine  
  55  8:25  Command Center  
  56  8:29  Medivac  
  56  8:32  Medivac  
  56  8:33  Missile Turret  
  60  8:35  SCV  
  61  8:48  Marine  
  61  8:49  Marine  
  63  9:24  Siege Tank, Medivac x2, Marine  
  71  9:37  Missile Turret  
  71  9:40  Missile Turret  
  71  10:06  Marine x2  
  71  10:07  Marine  
  71  10:08  Marine  
  65  10:24  Marine, Marauder  
  65  10:26  Marine, Marauder  
Show
View Real Time Build Order
Export as new Build Order

Juxtapose Protoss 

Build Orders: Oracle Opening 

Get SALT Encoding   

  12  0:01  Probe  
  13  0:13  Probe  
  14  0:19  Pylon  
  14  0:25  Probe  
  15  0:37  Probe  
  15  0:39  Gateway  
  16  0:49  Probe  
  17  0:51  Assimilator  
  17  1:01  Probe  
  17  1:02  Pylon  
  18  1:11  Assimilator  
  18  1:13  Probe  
  19  1:25  Probe  
  19  1:26  Cybernetics Core  
  22  1:32  Zealot  
  22  1:41  Probe  
  23  1:53  Probe  
  23  2:04  Warp Gate  
  23  2:05  Probe  
  24  2:19  Nexus  
  24  2:20  Probe  
  25  2:32  Probe  
  26  2:44  Pylon  
  26  2:50  Stargate  
  26  3:16  Gateway  
  26  3:19  Pylon  
  26  3:23  Stalker  
  26  3:24  Shield Battery  
  28  3:28  Probe  
  28  3:31  Oracle (Chrono Boost)  
  29  3:40  Probe  
  33  3:41  Pylon  
  33  3:43  Probe  
  34  4:00  Probe x2  
  36  4:08  Shield Battery  
  36  4:11  Pylon  
  36  4:12  Probe x2  
  38  4:24  Probe  
  38  4:25  Probe  
  40  4:34  Stalker, Zealot  
  31  4:58  Zealot  
  31  4:59  Stalker  
  34  5:00  Void Ray (Chrono Boost)  
  34  5:09  Gateway  
  34  5:12  Shield Battery  
  34  5:30  Stalker  
  34  5:31  Stalker  
  32  5:44  Void Ray (Chrono Boost)  
  34  6:02  Pylon  
  34  6:05  Pylon  
  34  6:21  Void Ray (Chrono Boost)  
  38  6:33  Zealot x2  
  42  7:02  Nexus  
  42  7:14  Zealot x2  
  46  7:25  Probe  
  47  7:31  Pylon  
  47  7:34  Zealot  
  49  7:37  Probe  
  43  8:14  Probe x2  
  43  8:16  Stalker  
  43  8:17  Stalker  
  49  8:26  Probe (Chrono Boost)  
  51  8:27  Probe (Chrono Boost)  
  51  8:29  Stalker  
  53  8:38  Probe (Chrono Boost)  
  53  8:39  Probe (Chrono Boost)  
  55  8:43  Forge  
  53  8:57  Probe x2  
  53  9:00  Assimilator  
  53  9:02  Assimilator  
  55  9:04  Shield Battery  
  55  9:06  Stalker  
  55  9:07  Stalker  
  59  9:17  Void Ray (Chrono Boost)  
  63  9:25  Probe (Chrono Boost)  
  63  9:26  Probe  
  65  9:34  Photon Cannon  
  65  9:37  Probe  
  65  9:38  Probe  
  67  9:50  Robotics Facility  
  67  10:02  Probe x2  
  67  10:05  Void Ray (Chrono Boost)  
  51  10:20  Stalker x2  
  51  10:21  Stalker  
Tags
 
Composition
MMM Bio
Matchup
PvT
Spawn Locations
Cross Positions
Add a new tag
Caveats
  • Supply blocks, unpowered buildings, or Contaminate may cause inaccurate times.
  • Supply counts are checked every 10 seconds.